 Dungeon Crawl Stone Soup version 0.18.1-1-g2f07953 (webtiles) character file.

1059 timoch the Skirmisher (level 8, -3/64 HPs)
             Began as a Human Berserker on May 7, 2016.
             Was a Priest of Trog.
             Slain by Grinder (4 damage)
             ... while paralysed by Grinder
             ... on level 5 of the Dungeon.
             The game lasted 01:25:59 (6031 turns).

timoch the Skirmisher (Human Berserker)             Turns: 6031, Time: 01:26:00

Health: -3/64      AC: 12    Str: 19    XL:     8   Next: 51%
Magic:  8/8        EV:  2    Int:  8    God:    Trog [***...]
Gold:   204        SH:  0    Dex: 13    Spells: 0 memorised, 7 levels left

rFire  . . .     SeeInvis .     e - +0 hand axe
rCold  + . .     Gourm    .     u - +0 plate armour
rNeg   . . .     Faith    .     (no shield)
rPois  .         Spirit   .     (no helmet)
rElec  .         Dismiss  .     (no cloak)
rCorr  .         Reflect  .     (no gloves)
SustAt .         Harm     .     (no boots)
MR     .....                    (no amulet)
Stlth  ..........               (no ring)
                                m - ring of protection from cold

@: paralysed, not resistant to hostile enchantments, extremely unstealthy
A: no striking features
a: Berserk, Trog's Hand, Burn Spellbooks, Renounce Religion


You were on level 5 of the Dungeon.
You worshipped Trog.
Trog was most pleased with you.
You were very hungry.

You visited 1 branch of the dungeon, and saw 6 of its levels.
You also visited: Ossuary.

You collected 204 gold pieces.

Inventory:

Hand Weapons
 a - a +0 hand axe
 e - a +0 hand axe (weapon)
 p - a +1 mace of draining
 t - a +0 mace
 w - a +0 hunting sling
 y - a +0 long sword of holy wrath
 K - a +0 dire flail
Missiles
 h - 29 poisoned needles
 i - 14 bolts
 k - 26 arrows
 x - 25 stones (quivered)
Armour
 b - a +0 animal skin
 n - a cursed +0 ring mail
 u - a +0 plate armour (worn)
 M - a +0 scale mail
Jewellery
 m - a ring of protection from cold (left hand)
Wands
 c - a wand of flame (30/48)
 A - a wand of confusion (34/48)
 C - a wand of flame (30/48)
 L - a wand of lightning (6/15)
Scrolls
 q - a scroll of immolation {unknown}
 r - a scroll of fog
 v - 2 scrolls of noise {unknown}
 B - a scroll of recharging {unknown}
 D - a scroll of magic mapping {unknown}
 E - 3 scrolls of remove curse
 F - a scroll of fear
 I - a scroll of random uselessness {unknown}
 J - a scroll of brand weapon {unknown}
 O - a scroll of blinking {unknown}
 P - a scroll of amnesia {unknown}
Potions
 d - a potion of might
 f - a potion of flight
 j - 2 potions of mutation {unknown}
 l - 2 potions of cure mutation {unknown}
 o - 4 potions of agility {unknown}
 s - a potion of experience {unknown}
 z - a potion of brilliance {unknown}
 G - 3 potions of haste {unknown}
 H - a potion of invisibility {unknown}


   Skills:
 + Level 6.0 Fighting
 + Level 5.4 Axes
 + Level 5.3 Armour
 + Level 4.0 Dodging
 + Level 1.2 Stealth


You had 7 spell levels left.
You didn't know any spells.

Dungeon Overview and Level Annotations

Branches:
Dungeon (6/15)
 Temple: D:4-7

Altars:
Cheibriados
Makhleb
Okawaru
Pakellas
Trog

Shops:
D:4 }

Annotations:
D:4 Sigmund
D:5 Grinder; darl0's ghost, amateur TrBe


Message History

* * * LOW HITPOINT WARNING * * *
You writhe in agony.
* * * LOW HITPOINT WARNING * * *
Drink which item? (? for menu, Esc to quit)
You feel better. Grinder gestures at you.
You suddenly lose the ability to move!
Grinder hits you.
* * * LOW HITPOINT WARNING * * *
You writhe in agony. x2
Grinder hits you but does no damage. Grinder hits you.
* * * LOW HITPOINT WARNING * * *
You writhe in agony.
* * * LOW HITPOINT WARNING * * *
Grinder gestures at you. Pain shoots through your body!
* * * LOW HITPOINT WARNING * * *
Grinder hits you.
You die...

# .## . #######.##
...
#.###.......5#.....
##..........@..%....
#.........###.#....%
#..######.# ## ?..
#..# #.# . #..# #.#
#..######.#
#......##.#
#>####.##.# #%#
##.##.#


You could see Grinder.

Vanquished Creatures
  A wraith (Ossuary)
  Edmund (D:4)
  A sky beast (D:5)
  3 phantoms (D:4)
  Blork the orc (D:5)
  A scorpion (D:4)
  A hound (D:5)
  Crazy Yiuf (D:2)
  Ijyb (D:2)
  A hound skeleton (D:6)
  A mummy (Ossuary)
  A gnoll (D:1)
  8 adders
  2 oozes (D:1)
  4 worms
  A dart slug (D:2)
  3 giant geckos
  10 orcs
  2 ball pythons
  7 giant cockroaches
  6 goblins
  5 hobgoblins
  10 jackals
  12 kobolds
  9 bats
  3 giant newts
  5 gnoll skeletons (Ossuary)
  8 kobold skeletons (Ossuary)
  12 orc skeletons (Ossuary)
  8 rats
129 creatures vanquished.

Notes
Turn   | Place    | Note
--------------------------------------------------------------
     0 | D:1      | timoch the Human Berserker began the quest for the Orb.
     0 | D:1      | Reached XP level 1. HP: 18/18 MP: 1/1
    60 | D:1      | Reached XP level 2. HP: 22/24 MP: 2/2
   612 | D:1      | Reached XP level 3. HP: 27/29 MP: 3/3
  1141 | D:1      | Reached ** piety under Trog
  1402 | D:2      | Reached XP level 4. HP: 18/37 MP: 4/4
  1626 | D:2      | Found an oddly glowing altar of Pakellas.
  1696 | D:2      | Noticed Ijyb
  1715 | D:2      | Killed Ijyb
  1968 | D:2      | Reached skill level 4 in Fighting
  1968 | D:2      | Reached XP level 5. HP: 30/42 MP: 5/5
  2397 | D:2      | Noticed Crazy Yiuf
  2401 | D:2      | Killed Crazy Yiuf
  3228 | D:2      | Found a burning altar of Makhleb.
  3450 | D:3      | Reached *** piety under Trog
  3542 | D:3      | Reached XP level 6. HP: 42/48 MP: 6/6
  3922 | D:3      | Found a bloodstained altar of Trog.
  3922 | D:3      | Found a snail-covered altar of Cheibriados.
  4020 | D:4      | Found a sand-covered staircase.
  4026 | Ossuary  | Entered an ossuary
  4026 | Ossuary  | Noticed a wraith
  4026 | Ossuary  | Noticed a wraith
  4026 | Ossuary  | Noticed a wraith
  4104 | Ossuary  | Noticed a wraith
  4121 | Ossuary  | Killed a wraith
  4121 | Ossuary  | Reached skill level 1 in Stealth
  4121 | Ossuary  | Reached XP level 7. HP: 33/55 MP: 7/7
  4645 | D:4      | Reached skill level 5 in Fighting
  4908 | D:4      | Found Zezyo's Gadget Shop.
  4996 | D:4      | Reached skill level 5 in Axes
  5164 | D:4      | Noticed Edmund
  5174 | D:4      | Killed Edmund
  5231 | D:4      | Noticed Sigmund
  5301 | D:4      | Reached XP level 8. HP: 63/63 MP: 8/8
  5619 | D:5      | Entered Level 5 of the Dungeon
  5631 | D:5      | Noticed darl0's ghost (amateur TrBe)
  5654 | D:6      | Found an iron altar of Okawaru.
  5741 | D:5      | Reached skill level 5 in Armour
  5994 | D:5      | Noticed Grinder
  5998 | D:5      | Noticed Blork the orc
  6020 | D:5      | Killed Blork the orc
  6020 | D:5      | Reached skill level 6 in Fighting
  6025 | D:5      | HP: 2/64 [Grinder (4)]
  6026 | D:5      | Paralysed by Grinder for 6 turns
  6030 | D:5      | HP: 1/64 [Grinder/nerve-wracking pain (2)]
  6031 | D:5      | Slain by Grinder

Skill      XL: |  1  2  3  4  5  6  7  8 |
---------------+-------------------------+-----
Dodging        | 3 4 |  4.0
Fighting       | 4 5 6 |  6.0
Axes           | 4 5 |  5.4
Armour         | 3 4 5 |  5.3
Stealth        | 1 |  1.2

Action                   |  1- 3 |  4- 6 |  7- 9 || total
-------------------------+-------+-------+-------++-------
Melee: Hand axe          |   103 |   247 |   303 ||   653
Invok: Berserk           |       |     4 |     2 ||     6
       Trog's Hand       |       |       |     1 ||     1
  Use: Scroll            |     2 |     6 |       ||     8
       Potion            |       |       |     4 ||     4
 Stab: Sleeping          |     1 |     3 |       ||     4
  Eat: Chunk             |     2 |     2 |     6 ||    10
       Meat ration       |       |     1 |       ||     1
       Bread ration      |       |     1 |       ||     1
       Beef jerky        |       |       |     1 ||     1
       Pizza             |       |       |     1 ||     1
Armor: Animal skin       |    28 |    13 |       ||    41
       Plate armour      |       |    54 |   201 ||   255
Dodge: Dodged            |    94 |   120 |    90 ||   304
